 Dungeon Crawl Stone Soup version 0.20.0-10-g0535bb4 (webtiles) character file.

135 mike2R the Firebug (level 4, -2/24 HPs)
             Began as a Deep Elf Fire Elementalist on June 7, 2017.
             Was an Initiate of Vehumet.
             Slain by George's ghost (7 damage)
             ... on level 3 of the Dungeon.
             The game lasted 00:21:15 (3714 turns).

mike2R the Firebug (Deep Elf Fire Elementalist)     Turns: 3714, Time: 00:21:17

Health: -2/24      AC:  4    Str:  5    XL:     4   Next: 96%
Magic:  0/10       EV: 12    Int: 21    God:    Vehumet [......]
Gold:   107        SH:  0    Dex: 15    Spells: 0/9 levels left

rFire    . . .     SeeInvis .   p - +0 short sword (speed)
rCold    . . .     Gourm    .   (no shield)
rNeg     . . .     Faith    .   l - +0 leather armour
rPois    +         Spirit   .   (no helmet)
rElec    .         Reflect  .   (no cloak)
rCorr    .         Harm     .   (no gloves)
MR       .....                  i - +0 pair of boots
Stlth    ++........             (no amulet)
Regen    0.1/turn               r - ring of poison resistance
MPRegen  0.2/turn               (no ring)

@: no status effects
A: no striking features
a: Renounce Religion


You were on level 3 of the Dungeon.
You worshipped Vehumet.
Vehumet was noncommittal.
You were hungry.

You visited 1 branch of the dungeon, and saw 3 of its levels.

You collected 107 gold pieces.

Inventory:

Hand Weapons
 a - a +2 mace of crushing
 b - a +4 dagger
 p - a +0 short sword of speed (weapon)
Missiles
 o - 145 stones (quivered)
Armour
 g - a +0 buckler
 i - a +0 pair of boots (worn)
 l - a +0 leather armour (worn)
Jewellery
 r - a ring of poison resistance (left hand)
Scrolls
 d - a scroll of amnesia
 e - a scroll of teleportation
 f - a scroll of immolation
 h - 4 scrolls of fog
 m - 3 scrolls of remove curse
 n - a scroll of magic mapping {unknown}
 q - a scroll of fear
 u - a scroll of enchant armour {unknown}
Potions
 s - a potion of mutation
Books
 k - a book of Flames

   Spells                             Type                      Level
   a - Flame Tongue                   Conjuration/Fire             1
   b - Throw Flame                    Conjuration/Fire             2
   c - Conjure Flame                  Conjuration/Fire             3
   d - Inner Flame                    Hexes/Fire                   3
   e - Sticky Flame                   Conjuration/Fire             4
   f - Fireball                       Conjuration/Fire             5
Comestibles
 c - 4 bread rations
 j - 4 meat rations
 t - a royal jelly
 v - a chunk of flesh


   Skills:
 - Level 2.4 Dodging
 - Level 2.4 Stealth
 - Level 3.0 Spellcasting
 - Level 2.5 Conjurations
 + Level 5.7 Fire Magic


You couldn't memorise any spells.
You knew the following spells:

 Your Spells              Type           Power        Failure   Level  Hunger
a - Flame Tongue          Conj/Fire      ###..        4%          1    None
b - Throw Flame           Conj/Fire      ###...       6%          2    ##.....
c - Conjure Flame         Conj/Fire      ###.....     12%         3    ###....
d - Inner Flame           Hex/Fire       ###.....     21%         3    ###....


Dungeon Overview and Level Annotations

Branches:
Dungeon (3/15)

Altars:
Sif Muna
Vehumet

Annotations:
D:2 Sigmund
D:3 George's ghost, amateur DsFi


Message History

George's ghost is almost destroyed.
George's ghost barely misses you.
You hit George's ghost.
George's ghost is almost destroyed.
George's ghost hits you!
Ouch! That really hurt!
Casting: Flame Tongue
Confirm with . or Enter, or press ? or * to list all spells.
Aiming: Flame Tongue
Press: ? - help, Shift-Dir - straight line, f/p - George's ghost
Aim: George's ghost (almost destroyed)
The flame tongue hits George's ghost.
George's ghost is almost destroyed.
George's ghost hits you!
* * * LOW HITPOINT WARNING * * *
You barely miss George's ghost.
George's ghost is almost destroyed.
You are feeling hungry.
George's ghost hits you!
You die...

########.########........
#....................###.
#.#.##.#.########.##.# #.
#######.#.##....## #.##.###.
#.........##.....# #..).....
#.#####.####....## ####.#### #.#
#......#.## #.# #.############W#
#.# #.......# #@# #.# #######.#
##+## #.# #.# ##...## #.# ####.#
##.....## ###.#
##.##.###......(## ##.#.#
##...#.##..รท......####....####
#.......'.........+...........
####...#.##.........####..)#####
#........###.......## ##.##


You could see George's ghost.

Vanquished Creatures
  4 adders (D:2)
  3 gnolls (D:3)
  An ooze (D:1)
  A worm (D:3)
  3 dart slugs
  A leopard gecko (D:3)
  An orc (D:3)
  A ball python (D:1)
  6 bats
  2 giant cockroaches
  7 goblins
  6 hobgoblins
  4 jackals (D:3)
  6 kobolds
  4 frilled lizards
  10 rats
60 creatures vanquished.

Notes
Turn   | Place    | Note
-------+----------+-------------------------------------------
     0 | D:1      | mike2R the Deep Elf Fire Elementalist began the quest for the Orb.
     0 | D:1      | Reached XP level 1. HP: 10/10 MP: 6/6
   222 | D:1      | Reached XP level 2. HP: 15/15 MP: 5/8
   252 | D:1      | Learned a level 2 spell: Throw Flame
   881 | D:2      | Reached skill level 4 in Fire Magic
  1052 | D:2      | Reached XP level 3. HP: 19/19 MP: 6/9
  1057 | D:2      | Learned a level 3 spell: Conjure Flame
  1505 | D:2      | Reached XP level 4. HP: 21/24 MP: 6/10
  1510 | D:2      | Learned a level 3 spell: Inner Flame
  1551 | D:2      | Noticed Sigmund
  1816 | D:2      | Reached skill level 5 in Fire Magic
  1949 | D:2      | Found a deep blue altar of Sif Muna.
  1949 | D:2      | Found a radiant altar of Vehumet.
  1952 | D:2      | Became a worshipper of Vehumet
  3374 | D:3      | Noticed George's ghost (amateur DsFi)
  3714 | D:3      | Slain by George's ghost

Skill      XL: |  1  2  3  4 |
---------------+-------------+-----
Conjurations   | 2 |  2.5
Fire Magic     | 4 5 |  5.7
Dodging        | |  2.4
Stealth        | |  2.4
Spellcasting   | |  3.0

Action                   |  1- 3 |  4- 6 || total
-------------------------+-------+-------++-------
Melee: Mace              |     8 |    19 ||    27
       Dagger            |       |    51 ||    51
       Short sword       |       |    26 ||    26
 Cast: Flame Tongue      |    47 |    39 ||    86
       Throw Flame       |     8 |     3 ||    11
       Conjure Flame     |       |     5 ||     5
       Inner Flame       |       |     1 ||     1
  Use: Scroll            |     5 |     3 ||     8
 Stab: Sleeping          |       |     5 ||     5
  Eat: Chunk             |     2 |     2 ||     4
       Bread ration      |       |     1 ||     1
       Fruit             |       |     1 ||     1
Armor: Leather armour    |     3 |    21 ||    24
Dodge: Dodged            |    23 |    44 ||    67
